 Dungeon Crawl Stone Soup version 0.25-a0-424-g80bd347ae0 (webtiles) character file.

Game seed: 6767295240311581476, levelgen mode: deterministic

1680 Nattfarinn the Summoner (level 9, -12/46 HPs)
             Began as a Tengu Summoner on Jan 23, 2020.
             Was a Follower of Hepliaklqana.
             Killed by divine providence
             ... invoked by an orc priest
              (13 damage)
             ... on level 7 of the Dungeon.
             The game lasted 00:20:05 (8005 turns).

Nattfarinn the Summoner (Tengu Summoner)            Turns: 8005, Time: 00:20:05

Health: -12/46     AC:  3    Str: 12    XL:     9   Next: 2%
Magic:  4/14       EV:  9    Int: 15    God:    Hepliaklqana [*.....]
Gold:   391        SH:  0    Dex: 15    Spells: 3/14 levels left

rFire    . . .     SeeInvis .   z - +2 spear of Integrity {flame, +Blink}
rCold    . . .     Gourm    .   (no shield)
rNeg     . . .     Faith    .   a - +0 robe
rPois    .         Spirit   .   (helmet restricted)
rElec    .         Reflect  +   v - +0 cloak
rCorr    .         Harm     .   (no gloves)
MR       .....                  (boots unavailable)
Stlth    ++........             k - +5 amulet of reflection
HPRegen  0.15/turn              (no ring)
MPRegen  0.14/turn              (no ring)

@: marked, flying quickly and evasively, held, quick
A: reduced essence, beak, talons 3, able to fly
a: Stop Flying, Recall Ancestor, Ancestor Identity, Renounce Religion, Evoke
Blink


You were on level 7 of the Dungeon.
You worshipped Hepliaklqana.
Hepliaklqana was aware of your devotion.
You were not hungry.

You visited 2 branches of the dungeon, and saw 8 of its levels.
You also visited: Sewer.

You collected 391 gold pieces.

Inventory:

Hand Weapons
 b - a +0 dagger
 e - a +1 dagger of venom
 z - the +2 spear of Integrity (weapon) {flame, +Blink}
   (You found it on level 5 of the Dungeon)

   It has been specially enchanted to burn those struck by it, causing extra
   injury to most foes and up to half again as much damage against particularly
   susceptible opponents.
   It lets you blink.
Missiles
 o - 15 poisoned darts (quivered)
Armour
 a - a +0 robe (worn)
 v - a +0 cloak (worn)
Jewellery
 k - a +5 amulet of reflection (around neck)
Wands
 h - a wand of digging (5)
 i - a wand of scattershot (4)
 q - a wand of paralysis (7)
 x - a wand of polymorph (18)
 y - a wand of enslavement (3)
 D - a wand of random effects (27)
Scrolls
 f - a scroll of teleportation
 j - 2 scrolls of remove curse
 m - a scroll of amnesia
 r - a scroll of fear {unknown}
 s - a scroll of fog {unknown}
 u - a scroll of magic mapping
 C - a scroll of identify
Potions
 g - a potion of agility {unknown}
 l - a potion of haste {unknown}
 n - 2 potions of ambrosia {unknown}
 w - a potion of resistance {unknown}
 B - a potion of berserk rage {unknown}
 E - a potion of cancellation {unknown}
Comestibles
 c - 16 rations
 t - 4 chunks of flesh


   Skills:
 + Level 4.3 Fighting
 + Level 4.6 Armour
 + Level 4.3 Dodging
 - Level 2.0 Stealth
 - Level 3.1 Spellcasting
 - Level 4.1 Conjurations
 * Level 9.1 Summonings
 - Level 4.1 Air Magic


You had 3 spell levels left.
You knew the following spells:

 Your Spells              Type           Power        Failure   Level  Hunger
a - Magic Dart            Conj           ##..         3%          1    #......
b - Call Imp              Summ           ####....     1%          2    ##.....
c - Call Canine Familiar  Summ           ####....     1%          3    ###....
d - Summon Lightning Spi  Summ/Air       ###.....     13%         4    #####..
e - Shock                 Conj/Air       ##..         3%          1    #......

Your spell library contained the following spells:

 Spells                   Type           Power        Failure   Level  Hunger
 Summon Small Mammal      Summ           ####         1%          1    #......
 Summon Guardian Golem    Hex/Summ       ###.....     9%          3    ###....
 Static Discharge         Conj/Air       ##......     11%         3    ###....
 Swiftness                Chrm/Air       #.......     13%         2    ##.....
 Mephitic Cloud           Conj/Pois/Air  ##......     19%         3    ###....
 Conjure Flame            Conj/Fire      #.......     26%         3    ###....
 Blink                    Tloc           N/A          30%         2    ##.....
 Slow                     Hex            #.......     30%         2    ##.....
 Summon Ice Beast         Ice/Summ       ###.....     30%         4    #####..
 Airstrike                Air            ##........   36%         4    #####..
 Lightning Bolt           Conj/Air       ##........   71%         5    ######.


Dungeon Overview and Level Annotations

Branches:
Dungeon (7/15)             Temple (1/1) D:4           Sewer (visited)

Altars:
Ashenzari
Cheibriados
Dithmenos
Elyvilon
Fedhas
Hepliaklqana
Kikubaaqudgha
Makhleb
Okawaru
Qazlal
Trog
Vehumet
Wu Jian
Zin
The Shining One

Shops:
D:5 :

Annotations:
D:7 Harold


Innate Abilities, Weirdness & Mutations

You have a beak for a mouth.
You have claws for feet.
You can fly continuously.
Your life essence is reduced to manifest your ancestor. (-10% HP)


Message History

You hear a loud clanging noise!
It was a scroll of noise.
The water moccasin bites your lightning spire but does no damage.
Your lightning spire shoots out a bolt of lightning at the water moccasin!
The bolt of electricity hits the water moccasin!
The water moccasin dies!
You have reached level 9!
Your experience leads to an increase in your attributes!
Increase (S)trength, (I)ntelligence, or (D)exterity?
You feel stronger.
Quintus remembers more of his old skill.
An orc priest comes into view. It is wielding a +0 club.
Something hits you.
* * * LOW HITPOINT WARNING * * *
As you read the scroll labeled PANO KIKUELLIKE, it crumbles to dust.
It is a scroll of enchant weapon.
Your +0 dagger of venom glows red for a moment.
The orc priest calls down the wrath of Beogh upon you.
Beogh smites you!
You die...

*,,,*,* #. *,*,*,* ###########.
,,*,*,* #........##. ,,,,*,*
#........##. ,,,,*,* #........##.
*,*,*,* #........##.
,<,,,.############# #...........
*>,,,.....8...o...##########.####
,,,,,..........5@......)..(#.# #
*,**,....o########.##..###.#.####
*,,,,...,,,......................
****,#****,########.#.####.#.####
,,,*,* *,* #...# #.#.# # ,,,*,*
***,*******##..# #.#.# # ,,,*,*
*,,,,,,,,,* #..# #.#.# # ,,,*,*
*,,,,,,,,,* ##.#* #.#.# # ,,,*,*
*,,,,,,,,,* #..* #.#.# #


You could see an orc priest, an orc, a friendly lightning spire and a friendly
crimson imp.

Vanquished Creatures
  Prince Ribbit (D:7)
  Duvessa (D:7)
  An ice beast (D:6)
  A centaur (D:7)
  A crocodile (Sewer)
  3 bullfrogs
  3 howler monkeys
  2 crimson imps
  A bullfrog zombie (D:7)
  3 orc wizards
  3 hounds
  A bullfrog skeleton (D:4)
  A worker ant (D:5)
  A hound skeleton (D:4)
  A river rat (D:6)
  7 adders
  A shadow imp (D:5)
  3 oozes
  6 worms
  4 dart slugs
  4 leopard geckos
  10 orcs
  4 ball pythons
  5 giant cockroaches
  12 goblins
  13 hobgoblins
  8 kobolds
  4 quokkas
  9 bats
  4 frilled lizards
  2 quokka skeletons
  9 rats
129 creatures vanquished.

Vanquished Creatures (collateral kills)
  A water moccasin (D:7)
  Purgy (D:4)
  An ogre (D:5)
  A bullfrog (D:6)
  A scorpion (D:6)
  Dowan (D:7)
  A howler monkey (D:5)
  A crimson imp (D:5)
  3 orc priests
  A bullfrog skeleton (D:7)
  An orc wizard (D:6)
  An iguana (D:5)
  A worker ant (D:5)
  Robin (D:2)
  An adder (D:4)
  A leopard gecko (D:7)
  15 orcs
  A ball python (D:1)
  5 goblins (D:2)
  A hobgoblin (D:1)
  2 jackals (D:6)
  A kobold (D:1)
43 creatures vanquished.

Vanquished Creatures (others)
  An ancestor (D:5)
  3 plants (D:4)
4 creatures vanquished.

Grand Total: 176 creatures vanquished

Notes
Turn   | Place    | Note
-------+----------+-------------------------------------------
     0 | D:1      | Nattfarinn the Tengu Summoner began the quest for the Orb.
     0 | D:1      | Reached XP level 1. HP: 10/10 MP: 4/4
   685 | D:1      | Reached skill level 5 in Summonings
   706 | D:1      | Reached XP level 2. HP: 16/16 MP: 6/6
   710 | D:1      | Learned a level 2 spell: Call Imp
  1095 | D:1      | Reached skill level 1 in Armour
  1095 | D:1      | Reached XP level 3. HP: 18/20 MP: 7/7
  1270 | D:1      | Reached skill level 1 in Fighting
  1963 | D:2      | Reached XP level 4. HP: 18/25 MP: 8/8
  2227 | D:2      | Noticed Robin
  2668 | D:2      | Killed Robin
  2994 | D:2      | Reached skill level 6 in Summonings
  3018 | D:2      | Gained mutation: You can fly continuously. [Tengu growth]
  3018 | D:2      | Reached XP level 5. HP: 30/30 MP: 8/10
  3460 | D:3      | Found a stormy altar of Qazlal.
  3464 | D:3      | Noticed a fire elemental
  3464 | D:3      | Noticed an air elemental
  3464 | D:3      | Noticed a water elemental
  3611 | D:3      | Reached XP level 6. HP: 34/35 MP: 11/11
  3616 | D:3      | Learned a level 3 spell: Call Canine Familiar
  3621 | D:3      | Learned a level 4 spell: Summon Lightning Spire
  3947 | D:4      | Learned a level 1 spell: Shock
  3950 | D:4      | Found a snail-covered altar of Cheibriados.
  4190 | D:4      | Reached skill level 1 in Conjurations
  4190 | D:4      | Reached skill level 1 in Air Magic
  4197 | D:4      | Noticed Purgy
  4211 | D:4      | Killed Purgy
  4321 | D:4      | Found a shattered altar of Ashenzari.
  4345 | D:4      | Found a staircase to the Ecumenical Temple.
  4360 | Temple   | Entered the Ecumenical Temple
  4368 | Temple   | Reached XP level 7. HP: 8/40 MP: 12/12
  4544 | Temple   | Became a worshipper of Hepliaklqana the Forgotten
  4805 | D:4      | Found a white marble altar of Elyvilon.
  5076 | D:5      | Entered Level 5 of the Dungeon
  5076 | D:5      | Found a radiant altar of Vehumet.
  5584 | D:5      | Reached skill level 7 in Summonings
  5983 | D:5      | Found an iron altar of Okawaru.
  5990 | D:5      | Got a crude spear
  5991 | D:5      | Identified the cursed +2 spear of Integrity {flame, +Blink}
                  | (You found it on level 5 of the Dungeon)
  6205 | D:5      | Found Gogryt's Book Shoppe.
  6421 | D:6      | Reached XP level 8. HP: 35/40 MP: 13/13
  6443 | D:6      | Found a glowing drain.
  6458 | Sewer    | Entered a sewer
  6458 | Sewer    | Reached * piety under Hepliaklqana
  7273 | D:6      | Learned a level 1 spell: Magic Dart
  7322 | D:6      | Reached skill level 8 in Summonings
  7468 | D:6      | Found an ancient bone altar of Kikubaaqudgha.
  7698 | D:7      | Noticed Duvessa
  7698 | D:7      | Noticed Dowan
  7710 | D:7      | Killed Dowan
  7718 | D:7      | Killed Duvessa
  7791 | D:7      | Noticed Prince Ribbit
  7798 | D:7      | Killed Prince Ribbit
  7885 | D:7      | Reached skill level 9 in Summonings
  7983 | D:7      | Noticed Harold
  8002 | D:7      | HP: 2/43 [something (14)]
  8004 | D:7      | Reached XP level 9. HP: 3/46 MP: 4/14
  8005 | D:7      | Killed from afar by an orc priest

Levels and vault maps discovered:
D:1:      scummos_arrival_checkerplants, layout_loops_cross, minivault_27
D:2:      layout_basic, first_ration, uniq_robin
D:3:      layout_basic, nicolae_qazlal_style_of_elements
D:4:      layout_basic, kennysheep_little_box, old_standard_altar,
          cheibriados_altar_1, minmay_temple_entry_glassed_door,
          serial_bayou_lagoon_a, uniq_purgy
D:5:      layout_basic, vehumet_crystals, okawaru_ov_weapons_minmay,
          serial_shops, nicolae_shop_crystal
D:6:      layout_basic, kiku_gazebo_pond_becter, portal_sewer_entry_b,
          serial_bayou_pond_d
D:7:      layout_basic, kennysheep_mini, yredelemnul_forgotten_temple_becter,
          nemelex_xobeh_ov_fountains_minmay, uniq_prince_ribbit1, uniq_harold,
          uniq_duvessa
Temple:   dshaligram_water_room_temple

Skill      XL: |  1  2  3  4  5  6  7  8 |
---------------+-------------------------+-----
Summonings     | 5 6 7 9 |  9.1
Armour         | 1 2 3 4 |  4.6
Fighting       | 1 2 4 |  4.3
Spellcasting   | 3 |  3.1
Conjurations   | 2 4 |  4.1
Air Magic      | 2 4 |  4.1
Dodging        | 4 |  4.3
Stealth        | |  2.0

Action                   |  1- 3 |  4- 6 |  7- 9 || total
-------------------------+-------+-------+-------++-------
Melee: Unarmed           |    11 |       |       ||    11
       Kick              |    21 |    35 |    45 ||   101
       Dagger            |    80 |   130 |    72 ||   282
       Peck              |    11 |    28 |    30 ||    69
       Spear             |       |       |   139 ||   139
Throw: Dart              |       |     4 |       ||     4
 Cast: Summon Small Mamm |     5 |       |       ||     5
       Call Imp          |       |    13 |     4 ||    17
       Summon Lightning  |       |     1 |    14 ||    15
       Call Canine Famil |       |     1 |     5 ||     6
       Magic Dart        |       |       |     5 ||     5
 Abil: Fly               |       |     1 |       ||     1
       Evoke Blink       |       |       |     1 ||     1
  Use: Potion            |       |     1 |     4 ||     5
       Scroll            |       |       |     9 ||     9
 Stab: Sleeping          |     7 |     3 |     4 ||    14
       Distracted        |     1 |       |       ||     1
  Eat: Chunk             |     3 |     9 |    15 ||    27
Armor: Robe              |    14 |     8 |    17 ||    39
Dodge: Dodged            |    42 |    91 |   129 ||   262
Block: Other             |       |       |    27 ||    27

Table legend:
 A = Non-vault XP
 B = Vault XP
 C = Vault XP percentage of total XP
 D = Non-vault monster count
 E = Vault monster count
 F = Vault count percentage of total count
                 A         B        C        D         E       F
            +---------+---------+-------+---------+---------+-------
      Total |    1934 |     466 |  19.4 |     150 |      22 |  12.8
            +---------+---------+-------+---------+---------+-------
        D:1 |      66 |       2 |   2.9 |      33 |       1 |   2.9
        D:2 |      80 |      20 |  20.0 |      20 |      10 |  33.3
        D:3 |     165 |       0 |   0.0 |      24 |       0 |   0.0
        D:4 |     276 |      65 |  19.1 |      16 |       1 |   5.9
        D:5 |     437 |       0 |   0.0 |      26 |       0 |   0.0
        D:6 |     632 |      14 |   2.2 |      25 |       1 |   3.8
        D:7 |     238 |     299 |  55.7 |       5 |       3 |  37.5
     Temple |      40 |       0 |   0.0 |       1 |       0 |   0.0
      Sewer |       0 |      66 | 100.0 |       0 |       6 | 100.0
            +---------+---------+-------+---------+---------+-------
